 Dungeon Crawl Stone Soup version 0.28.0-49-g6dfe1f597d (webtiles) character file.

Game seed: 1172782460075516600

54 Zeld the Chopper (level 3, 0/34 HPs)
             Began as a Hill Orc Monk on May 18, 2022.
             Was a Believer of Beogh.
             Slain by an adder (1 damage)
             ... on level 2 of the Dungeon.
             The game lasted 00:01:58 (1908 turns).

Zeld the Chopper (Hill Orc Monk)                    Turns: 1908, Time: 00:01:59

Health: 0/34       AC:  2    Str: 15    XL:     3   Next: 91%
Magic:  3/3        EV: 12    Int: 10    God:    Beogh [**....]
Gold:   15         SH:  0    Dex: 13    Spells: 2/2 levels left

rFire   . . .      SeeInvis .   a - +0 hand axe
rCold   . . .      Faith    .   (no shield)
rNeg    . . .      Spirit   .   b - +0 robe
rPois   .          Reflect  .   (no helmet)
rElec   .          Harm     .   (no cloak)
rCorr   .          Rampage  .   (no gloves)
Will    .....                   (no boots)
Stlth   ++........              (no amulet)
HPRegen 0.11/turn               (no ring)
MPRegen 0.08/turn               (no ring)

@: no status effects
A: no striking features
a: Renounce Religion, Smiting


You were on level 2 of the Dungeon.
You worshipped Beogh.
Beogh was pleased with you.
You visited 1 branch of the dungeon, and saw 2 of its levels.

You collected 15 gold pieces.

Inventory:

Hand Weapons
 a - a +0 hand axe (weapon)
Armour
 b - a +0 robe (worn)
Scrolls
 c - a scroll of fear {unknown}
 e - 2 scrolls of magic mapping {unknown}
 f - a scroll of silence {unknown}
 g - a scroll of summoning {unknown}
 h - a scroll of fog {unknown}
Potions
 d - a potion of magic {unknown}


   Skills:
 * Level 4.6 Fighting
 * Level 5.0 Axes
 + Level 1.3 Armour
 - Level 2.4 Dodging
 - Level 1.5 Stealth


You had 2 spell levels left.
You didn't know any spells.
Your spell library was empty.

Dungeon Overview and Level Annotations

Branches:
Dungeon (2/15)

Altars:

Shops:
D:1 =

Annotations:
D:2 Sigmund


Message History

The adder poisons you! The adder barely misses you.
You closely miss the adder.
The adder is heavily wounded.
You feel sick. The adder closely misses you.
You hit the adder.
The adder is severely wounded.
You feel sick. The adder barely misses you.
You barely miss the adder.
The adder is severely wounded.
You feel sick. The adder bites you.
You are more poisoned.
The adder poisons you! The adder bites you.
* * * LOW HITPOINT WARNING * * *
You are too injured to fight recklessly!
Unknown command.
You are too injured to fight recklessly!
You barely miss the adder.
The adder is severely wounded.
You feel sick. The adder barely misses you.
Unknown command.
You hit the adder.
The adder is almost dead.
You feel sick. The adder closely misses you. The adder bites you.
* * * LOW HITPOINT WARNING * * *
Unknown command.
You barely miss the adder. Your punch misses the adder.
The adder is almost dead.
You feel sick. The adder closely misses you.
Unknown command.
You miss the adder.
The adder is almost dead.
You feel sick. The adder bites you.
* * * LOW HITPOINT WARNING * * *
You hit the adder.
The adder is almost dead.
* * * LOW HITPOINT WARNING * * *
You feel sick.
You are no longer poisoned.
The adder bites you.
You die...

... # ..# #.
#######..#
#..#.....#..##
......<......#
#.#.†.#.#
#..._...#
#.<...<.#
#...#.@.#
##...S|##
###.### ...
.... ##... #.#
..


You could see an adder.

Vanquished Creatures
  An adder (D:1)
  3 dart slugs (D:1)
  2 bats (D:1)
  6 endoplasms
  2 giant cockroaches (D:1)
  4 goblins (D:1)
  A hobgoblin (D:1)
  3 jackals (D:1)
  5 kobolds (D:1)
  2 quokkas (D:1)
  2 ball pythons
  2 frilled lizards
  2 rats
35 creatures vanquished.

Vanquished Creatures (others)
  An orc priest (D:2)
  2 orcs (D:2)
3 creatures vanquished.

Grand Total: 38 creatures vanquished

Notes
Turn   | Place    | Note
-------+----------+-------------------------------------------
     0 | D:1      | Zeld the Hill Orc Monk began the quest for the Orb.
     0 | D:1      | Reached XP level 1. HP: 19/19 MP: 1/1
   218 | D:1      | Reached XP level 2. HP: 13/27 MP: 2/2
   391 | D:2      | Noticed Sigmund
   396 | D:2      | Became a worshipper of Beogh the Brigand
   396 | D:2      | Reached * piety under Beogh
   396 | D:2      | Reached ** piety under Beogh
  1038 | D:1      | Reached skill level 1 in Armour
  1038 | D:1      | Reached XP level 3. HP: 33/33 MP: 3/3
  1202 | D:1      | Found Qine's Jewellery Shoppe.
  1713 | D:1      | Reached skill level 5 in Axes
  1733 | D:2      | Found a faded altar of an unknown god.
  1908 | D:2      | HP: 1/34 [poisoned by an adder]
  1908 | D:2      | Slain by an adder

Illustrated notes

Levels and vault maps discovered:
D:1:      lemuel_arrival_rhombus, layout_loops_cross, serial_shops,
          nicolae_shop_behind_doors, minmay_heptomino_d4
D:2:      layout_loops_ring, nicolae_ecumenical_pavilion, uniq_sigmund

Skill      XL: |  1  2  3 |
---------------+----------+-----
Fighting       | 4 |  4.6
Armour         | 1 |  1.3
Axes           | 5 |  5.0
Dodging        | |  2.4
Stealth        | |  1.5

Action                   || total
-------------------------++-------
Melee: Hand axe          ||   122
       Punch             ||     2
Invok: Convert to Beogh  ||     1
 Stab: Sleeping          ||     7
Armor: Robe              ||    18
Dodge: Dodged            ||    74
